 Dungeon Crawl Stone Soup version 0.17.0-7-gfadd4cc (console) character file.

25 gw the Chiller (level 3, -1/26 HPs)
             Began as a Human Ice Elementalist on Nov 8, 2015.
             Slain by Sigmund
             ... wielding a +0 scythe
              (10 damage)
             ... on level 2 of the Dungeon.
             The game lasted 00:01:09 (752 turns).

gw the Chiller (Human Ice Elementalist)              Turns: 752, Time: 00:01:10

Health: -1/26      AC:  3    Str:  8    XL:     3   Next: 20%
Magic:  1/6        EV: 11    Int: 16    God:
Gold:   47         SH:  0    Dex: 13    Spells: 3 memorised, 0 levels left

rFire  . . .     SeeInvis .     a - +0 short sword
rCold  . . .     Clarity  .     f - +0 leather armour
rNeg   . . .     SustAt   .     (no shield)
rPois  .         Gourm    .     (no helmet)
rElec  .         Spirit   .     (no cloak)
rCorr  .         Warding  .     (no gloves)
rMut   .         Stasis   .     (no boots)
MR     .....                    (no amulet)
Stlth  +.........               (no ring)
                                (no ring)

@: confused, not resistant to hostile enchantments, very unstealthy
A: no striking features
a: no special abilities


You were on level 2 of the Dungeon.
You were not hungry.

You visited 1 branch of the dungeon, and saw 2 of its levels.

You collected 47 gold pieces.

Inventory:

Hand Weapons
 a - a +0 short sword (weapon)
Missiles
 d - 13 sling bullets
 e - 28 stones (quivered)
Armour
 f - a +0 leather armour (worn)
Books
 b - a book of Frost

   Spells                             Type                      Level
   a - Freeze                         Ice                          1
   b - Throw Frost                    Conjuration/Ice              2
   c - Ozocubu's Armour               Charms/Ice                   3
   d - Throw Icicle                   Conjuration/Ice              4
   e - Summon Ice Beast               Ice/Summoning                4
   f - Condensation Shield            Ice                          4
Comestibles
 c - a bread ration


   Skills:
 + Level 1.0 Fighting
 + Level 0.6 Short Blades
 + Level 1.2 Armour
 - Level 2.0 Dodging
 - Level 2.0 Stealth
 * Level 2.2 Spellcasting
 - Level 1.0 Conjurations
 + Level 3.2 Ice Magic


You couldn't memorise any spells.
You knew the following spells:

 Your Spells              Type           Power        Failure   Level  Hunger
a - Freeze                Ice            ##..         10%         1    #......
b - Throw Frost           Conj/Ice       #.....       21%         2    ###....
c - Ozocubu's Armour      Chrm/Ice       #.......     47%         3    ###....


Dungeon Overview and Level Annotations

Branches:
Dungeon (2/15)

Altars:

Annotations:
D:2 Sigmund


Message History

Unknown command.
ATTACK MOVE TO (0,1)
You miss Sigmund.
Sigmund is lightly wounded.
You feel less confused.
Sigmund points at you and mumbles some strange words.
You are confused.
Unknown command.
Unknown command.
Unknown command.
Unknown command.
ATTACK MOVE TO (0,1) Sigmund hits you with a scythe!
Unknown command.
Unknown command.
Unknown command.
Unknown command.
ATTACK MOVE TO (0,1)
You barely miss the worm. Sigmund hits you with a scythe!
You die...

#......##..........#
#......##..........#
#......##....!.....#
#......##..........#
#......##%.........#
#......##..........#
.......%........>..#
.......###.####.(..#
.......# #.# #.p..#
..###### #+##...w@.#
..# #......# ..#
#......# ..#
#....... ###
.....$.... #
............ .
............. .


You could see Sigmund and a worm.

Table legend:
 A = Turns spent in this place as a percentage of turns spent in the entire game.
 B = Non-inter-level travel turns spent in this place as a percentage of non-inter-level travel turns spent in the entire game.
 C = Inter-level travel turns spent in this place as a percentage of turns spent in this place.
 D = Turns resting spent in this place as a percentage of non-inter-level travel turns spent in this place.
 E = Turns spent auto-exploring this place as a percentage of non-inter-level travel turns spent in this place.
 F = Non-inter-level travel turns spent in this place divided by the number of levels of this place that you've seen.
                   A       B       C       D       E      F
               +-------+-------+-------+-------+-------+----------------------
         Total | 100.0 | 100.0 |   0.0 |   1.5 |   2.4 | 791.0
       Dungeon | 100.0 | 100.0 |   0.0 |   1.5 |   2.4 | 791.0
               +-------+-------+-------+-------+-------+----------------------

Table legend:
 A = Kills in this place as a percentage of kills in entire the game.
 B = Kills by you in this place as a percentage of kills by you in the entire game.
 C = Kills by friends in this place as a percentage of kills by friends in the entire game.
 D = Other kills in this place as a percentage of other kills in the entire game.
 E = Experience gained in this place as a percentage of experience gained in the entire game.
 F = Experience gained in this place divided by the number of levels of this place that you have seen.
                   A       B       C       D       E      F
               +-------+-------+-------+-------+-------+----------------------
         Total | 100.0 | 100.0 |  -nan |  -nan | 100.0 |  18.5
       Dungeon | 100.0 | 100.0 |  -nan |  -nan | 100.0 |  18.5
               +-------+-------+-------+-------+-------+----------------------

Vanquished Creatures
  2 adders (D:2)
  A giant gecko (D:2)
  2 bats (D:2)
  A giant cockroach (D:1)
  A hobgoblin (D:1)
  A giant newt (D:2)
  A kobold (D:1)
9 creatures vanquished.

Notes
Turn   | Place    | Note
--------------------------------------------------------------
     0 | D:1      | gw the Human Ice Elementalist began the quest for the Orb.
     0 | D:1      | Reached XP level 1. HP: 13/13 MP: 3/3
   244 | D:1      | You fall through a shaft!
   524 | D:2      | Reached XP level 2. HP: 20/20 MP: 3/5
   549 | D:2      | Learned a level 2 spell: Throw Frost
   624 | D:2      | Reached skill level 1 in Armour
   669 | D:2      | Reached skill level 1 in Fighting
   669 | D:2      | Reached XP level 3. HP: 23/26 MP: 0/6
   728 | D:2      | Learned a level 3 spell: Ozocubu's Armour
   740 | D:2      | Noticed Sigmund
   752 | D:2      | Slain by Sigmund

Action                   || total
-------------------------++-------
Melee: Short sword       ||     5
 Cast: Freeze            ||     8
       Throw Frost       ||     8

Vault maps used:
D:1:      evilmike_arrival_plus
D:2:      first_bread, uniq_sigmund, uniq_jessica
